 Dungeon Crawl Stone Soup version 0.30.1-11-g7821555f0a (webtiles) character file.

Game seed: 14140982069178990871

25011 Scypho the Severer (level 12, -5/106 HPs)
             Began as a Minotaur Fighter on Dec 2, 2023.
             Was the Champion of Okawaru.
             Slain by an 11-headed hydra (13 damage)
             ... on level 3 of the Lair of Beasts.
             The game lasted 00:37:23 (13908 turns).

Scypho the Severer (Minotaur Fighter)              Turns: 13908, Time: 00:37:23

Health: -5/106     AC: 11    Str: 22    XL:     12   Next: 85%
Magic:  13/14      EV: 22    Int:  7    God:    Okawaru [******]
Gold:   242        SH:  0    Dex: 12    Spells: 11/11 levels left

rFire   . . .        S - +0 executioner's axe (distort)
rCold   . . .        (shield currently unavailable)
rNeg    . . .        (no body armour)
rPois   .            C - +1 hat
rElec   .            F - +2 cloak
rCorr   .            t - +2 pair of gloves {hurl}
SInv    .            U - +2 pair of boots
Will    +....        (no amulet)
Stlth   +++          B - ring of willpower
HPRegen 0.37/turn    O - +5 ring of evasion
MPRegen 0.14/turn

%: no passive effects
@: heroic
A: horns 2, retaliatory headbutt
a: Renounce Religion, Heroism, Finesse, Duel


You were on level 3 of the Lair of Beasts.
You worshipped Okawaru.
Okawaru was exalted by your worship.
You visited 3 branches of the dungeon, and saw 14 of its levels.
You also visited: Ossuary and Bailey.

You collected 781 gold pieces.
You spent 539 gold pieces at shops.

Inventory:

Hand Weapons
 a - a +0 war axe
 w - a +4 battleaxe
 D - a +1 battleaxe of freezing
 P - a +3 heavy battleaxe
 S - a +0 executioner's axe of distortion (weapon)
Armour
 c - a +0 buckler
 t - a +2 pair of gloves of hurling (worn)
 u - a +0 chain mail
 C - a +1 hat (worn)
 F - a +2 cloak (worn)
 K - a +2 pair of boots
 Q - a +3 chain mail of willpower
 R - a +2 scale mail of poison resistance
 U - a +2 pair of boots (worn)
Jewellery
 B - a ring of willpower (left hand)
 O - a +5 ring of evasion (right hand)
 X - a ring of magical power
 Y - a +4 ring of slaying
 Z - an amulet of faith
Wands
 d - a wand of digging (13)
 i - a wand of paralysis (1)
 k - a wand of mindburst (10)
 y - a wand of roots (28)
 A - a wand of flame (42)
 N - a wand of quicksilver (4)
 V - a wand of polymorph (7)
Scrolls
 b - 4 scrolls of vulnerability
 e - a scroll of immolation {unknown}
 f - 3 scrolls of magic mapping
 j - 2 scrolls of brand weapon {unknown}
 l - a scroll of summoning {unknown}
 o - 4 scrolls of teleportation
 r - 4 scrolls of enchant armour
 v - a scroll of noise {unknown}
 x - 3 scrolls of fear
 E - 2 scrolls of silence {unknown}
 G - a scroll of amnesia {unknown}
 I - a scroll of torment {unknown}
 J - a scroll of blinking {unknown}
 W - 2 scrolls of acquirement {unknown}
Potions
 g - 5 potions of heal wounds
 h - 5 potions of curing
 m - a potion of cancellation
 n - 5 potions of might
 p - 3 potions of flight
 q - 3 potions of haste
 s - a potion of lignification
 z - 5 potions of mutation
 L - a potion of resistance
 M - 2 potions of magic
 T - a potion of brilliance
Miscellaneous
 H - a piece from Xom's chessboard (15/15)


   Skills:
 - Level 9.7(14.7) Fighting
 * Level 19.7(24.7) Axes
 - Level 9.7(14.7) Armour
 - Level 8.1(13.1) Dodging
 - Level 3.6(8.6) Shields
 * Level 4.9 Invocations


You had 11 spell levels left.
You didn't know any spells.
Your spell library contained the following spells:

 Spells                   Type           Power      Damage    Failure   Level
 Apportation              Tloc           0%         N/A       43%         1
 Kiss of Death            Conj/Necr      0%         2d5       43%         1
 Shock                    Conj/Air       0%         1d3       43%         1
 Ensorcelled Hibernation  Hex/Ice        0%         N/A       56%         2
 Passwall                 Tmut/Erth      0%         N/A       56%         2
 Confusing Touch          Hex            0%         N/A       80%         3
 Ignite Poison            Fire/Tmut/Pois 0%         N/A       80%         3
 Inner Flame              Hex/Fire       0%         N/A       80%         3
 Portal Projectile        Hex/Tloc       0%         N/A       80%         3
 Swiftness                Air            0%         N/A       80%         3
 Airstrike                Air            0%         2d(0-16)  99%         4
 Dispel Undead            Necr           0%         3d6       99%         4
 Flame Wave               Conj/Fire      0%         2d4       99%         4
 Leda's Liquefaction      Hex/Erth       0%         N/A       99%         4
 Sticky Flame             Conj/Fire      0%         2d3       99%         4
 Alistair's Intoxication  Tmut/Pois      0%         N/A       100%        5
 Borgnjor's Vile Clutch   Necr/Erth      0%         N/A       100%        5
 Ignition                 Fire           0%         3d3       100%        8
 Call Canine Familiar     Summ           Unusable   N/A       N/A         3
 Animate Dead             Necr           Unusable   N/A       N/A         4
 Death Channel            Necr           Unusable   N/A       N/A         6

Dungeon Overview and Level Annotations

Branches:
Dungeon (10/15)            Temple (1/1) D:5            Lair (3/5) D:10
  Snake (0/4) Lair:2      Ossuary (visited)          Bailey (visited)
  Swamp: Lair:2-3    Shoals: Lair:2-3       Orc: D:9-12

Altars:
Ashenzari
Cheibriados
Dithmenos
Elyvilon
Fedhas
Gozag
Hepliaklqana
Kikubaaqudgha
Makhleb
Nemelex Xobeh
Okawaru
Qazlal
Ru
Sif Muna
Trog
Uskayaw
Vehumet
Wu Jian
Xom
Yredelemnul
Zin
The Shining One

Shops:
D:1 [   D:2 [   D:10 !

Annotations:
D:3 2 transporters, Okkudo's ghost, amateur HOMo
D:7 4 runed translucent doors


Innate Abilities, Weirdness & Mutations

You have a pair of horns on your head.
You reflexively headbutt those who attack you in melee.


Message History

The fungus begins to die.
Space warps around the fungus.
The 11-headed hydra bites you.
The 11-headed hydra completely misses you.
The 11-headed hydra bites you! The 11-headed hydra bites you. x2
The 11-headed hydra barely misses you. The 11-headed hydra bites you!
* * * LOW HITPOINT WARNING * * *
The 11-headed hydra closely misses you.
The 11-headed hydra completely misses you.
The 11-headed hydra misses you.
The 11-headed hydra completely misses you.
You barely miss the 11-headed hydra. You slash the fungus!
Space warps horribly around the fungus!
The 11-headed hydra closely misses you. You furiously retaliate!
You headbutt the 11-headed hydra. The 11-headed hydra bites you!
* * * LOW HITPOINT WARNING * * *
The 11-headed hydra bites you!
* * * LOW HITPOINT WARNING * * *
The 11-headed hydra bites you!
* * * LOW HITPOINT WARNING * * *
The 11-headed hydra bites you!
* * * LOW HITPOINT WARNING * * *
The 11-headed hydra bites you but does no damage. x2
The 11-headed hydra barely misses you.
The 11-headed hydra completely misses you.
The 11-headed hydra bites you.
* * * LOW HITPOINT WARNING * * *
The 11-headed hydra bites you but does no damage.
Okay, then.
You barely miss the 11-headed hydra. You slash the fungus!
Space warps around the fungus.
You hit the 11-headed hydra but do no damage.
You slash the fungus!
Space warps horribly around the fungus!
A nearby fungus withers and dies.
The 11-headed hydra completely misses you.
The 11-headed hydra bites you.
* * * LOW HITPOINT WARNING * * *
The 11-headed hydra bites you.
* * * LOW HITPOINT WARNING * * *
The 11-headed hydra bites you!
You die...

..................#.P#
......................##
......................#.
........[...............
.........>..............
..........#.......†[.)..
.........#..###.#..#...
###...D.##.##P..##..#.
##.@..............##
#..................
#..................
#..................
#.?.#....##.#####.##
.....##....# # ## #
......# ...## .........
..... ......... ....


You could see a 11-headed hydra.

Vanquished Creatures
  A two-headed ogre (D:8)
  9 death yaks
  Nergalle (Lair:2)
  Pikel (D:9)
  5 black mambas
  3 cane toads (Lair:2)
  Psyche (D:9)
  A gargoyle (Bailey)
  A rime drake (Lair:1)
  2 kobold demonologists
  A komodo dragon (Lair:1)
  2 polar bears
  Prince Ribbit (D:7)
  Grinder (D:3)
  12 blink frogs
  2 vampires
  A wyvern (D:7)
  20 yaks
  2 shadows
  A basilisk (Lair:2)
  Edmund (D:4)
  An acid dragon (D:10)
  11 water moccasins
  2 black bears
  3 orc warriors
  4 ice beasts
  3 ogres
  8 wolves
  2 centaurs (D:7)
  A lemure (D:9)
  A phantom (D:5)
  2 kobold brigands (D:9)
  6 bullfrogs
  An elf zombie (Ossuary)
  4 scorpions
  10 wights
  10 killer bees
  2 electric eels (D:9)
  4 wolf zombies (Bailey)
  6 vampire bats (Bailey)
  6 hounds
  A gnoll bouda (D:5)
  3 jellies
  5 orc priests
  2 sleepcaps (D:7)
  4 hell rats (D:10)
  12 orc wizards
  3 hound zombies (Ossuary)
  5 mummies
  7 gnolls
  6 adders
  3 shadow imps
  An ufetubus (D:6)
  2 worms (D:2)
  2 dart slugs
  37 orcs
  10 ball pythons
  2 endoplasms (D:1)
  4 giant cockroaches
  A gnoll zombie (Ossuary)
  6 goblins
  5 hobgoblins
  4 jackals (D:3)
  6 quokkas
  3 bats
  3 frilled lizards
  4 goblin zombies (Ossuary)
  A hobgoblin zombie (Ossuary)
  A jackal zombie (Ossuary)
  19 kobolds
  23 orc zombies
  12 rats
353 creatures vanquished.

Vanquished Creatures (others)
  An orc wizard (D:9)
1 creature vanquished.

Grand Total: 354 creatures vanquished

Notes
Turn   | Place    | Note
-------+----------+-------------------------------------------
     0 | D:1      | Scypho the Minotaur Fighter began the quest for the Orb.
     0 | D:1      | Reached XP level 1. HP: 19/19 MP: 0/0
    80 | D:1      | Reached skill level 3 in Axes
   145 | D:1      | Reached XP level 2. HP: 26/26 MP: 1/1
   149 | D:1      | Found Rielacavo's Antique Armour Shoppe.
   493 | D:1      | Found a faded altar of an unknown god.
   900 | D:2      | Found Ilometoe's Antique Armour Boutique.
   912 | D:2      | Reached skill level 4 in Axes
   964 | D:2      | Reached XP level 3. HP: 29/31 MP: 2/2
  1766 | D:3      | Found a shimmering altar of Xom.
  1798 | D:3      | Reached skill level 5 in Axes
  1860 | D:3      | Found a transporter.
  1862 | D:3      | Noticed Okkudo's ghost (amateur HOMo)
  1864 | D:3      | Found a transporter.
  1876 | D:3      | Reached XP level 4. HP: 34/39 MP: 3/3
  2071 | D:3      | Noticed Grinder
  2114 | D:3      | Killed Grinder
  2115 | D:3      | Reached skill level 7 in Axes
  2115 | D:3      | Reached XP level 5. HP: 15/45 MP: 4/4
  2115 | D:3      | Reached XP level 6. HP: 17/51 MP: 5/5
  2479 | D:4      | Noticed Edmund
  2485 | D:4      | Killed Edmund
  2486 | D:4      | Reached skill level 8 in Axes
  2669 | D:4      | Reached skill level 9 in Axes
  2706 | D:4      | Reached XP level 7. HP: 37/57 MP: 6/6
  3065 | D:4      | You fall into a shaft and drop 2 floors!
  3080 | D:5      | Entered Level 5 of the Dungeon
  3612 | D:5      | Reached skill level 10 in Axes
  3720 | D:2      | Bought a pair of glowing gloves for 165 gold pieces
  4080 | D:5      | Reached skill level 11 in Axes
  4084 | D:5      | Reached XP level 8. HP: 54/64 MP: 7/7
  4212 | D:5      | Found a staircase to the Ecumenical Temple.
  4223 | Temple   | Entered the Ecumenical Temple
  4313 | Temple   | Became a worshipper of Warmaster Okawaru
  4443 | D:5      | HP: 1/64 [orc wizard/+0 short sword (4)]
  4868 | D:6      | Reached skill level 12 in Axes
  5093 | D:6      | Found a hazy altar of Hepliaklqana.
  5093 | D:6      | Found a broken altar of Ashenzari.
  5690 | D:7      | Reached skill level 13 in Axes
  5715 | D:7      | Found a radiant altar of Vehumet.
  5730 | D:7      | Found a sand-covered staircase.
  5738 | Ossuary  | Entered an ossuary
  5750 | Ossuary  | Reached * piety under Okawaru
  5963 | D:7      | Noticed Prince Ribbit
  5969 | D:7      | Killed Prince Ribbit
  5970 | D:7      | Reached skill level 14 in Axes
  5970 | D:7      | Reached XP level 9. HP: 68/70 MP: 8/8
  6175 | D:7      | Found a large runed translucent door.
  6177 | D:7      | Found a large runed translucent door.
  6180 | D:7      | Noticed a cyclops
  6201 | D:7      | Noticed a kobold demonologist
  6265 | D:7      | Noticed a hellwing
  6265 | D:7      | Killed a kobold demonologist
  6265 | D:7      | Reached ** piety under Okawaru
  6266 | D:7      | Reached skill level 15 in Axes
  6539 | D:7      | Found a large runed translucent door.
  6539 | D:7      | Found a large runed translucent door.
  6934 | D:8      | Found a hide-covered altar of Uskayaw.
  6958 | D:8      | Reached skill level 16 in Axes
  7138 | D:8      | Reached *** piety under Okawaru
  7192 | D:8      | Noticed a two-headed ogre
  7199 | D:8      | Killed a two-headed ogre
  7200 | D:8      | Reached skill level 17 in Axes
  7200 | D:8      | Reached XP level 10. HP: 41/77 MP: 9/9
  7943 | D:9      | Noticed Pikel
  7948 | D:9      | Noticed Psyche
  7950 | D:9      | Killed Pikel
  7950 | D:9      | Reached **** piety under Okawaru
  7958 | D:9      | Killed Psyche
  8023 | D:9      | Found a flagged portal.
  8043 | D:9      | Reached skill level 5 in Armour
  8052 | D:9      | Reached skill level 5 in Fighting
  8280 | Bailey   | Entered a bailey
  8473 | Bailey   | Noticed a gargoyle
  8480 | Bailey   | Killed a gargoyle
  8699 | Bailey   | Identified the +13 plate armour of Ytadeatue {Harm rC+
                  | Str+2 Stlth-}
  8914 | D:9      | Reached ***** piety under Okawaru
  9364 | D:9      | Reached XP level 11. HP: 87/91 MP: 10/10
  9472 | D:9      | Reached skill level 5 in Dodging
  9871 | D:10     | Entered Level 10 of the Dungeon
 10009 | D:10     | Noticed a death yak
 10012 | D:10     | Noticed a death yak
 10013 | D:10     | Noticed a death yak
 10016 | D:10     | Killed a death yak
 10016 | D:10     | Received a gift from Okawaru
 10022 | D:10     | Killed a death yak
 10023 | D:10     | Killed a death yak
 10031 | D:10     | Found a staircase to the Lair.
 10533 | D:10     | Found Rynia's Distillery.
 10770 | D:2      | Bought a transparent chain mail for 209 gold pieces
 10770 | D:2      | Identified the +1 chain mail "Facvaurei" {Dex+5} (You
                  | bought it in a shop on level 2 of the Dungeon)
 10831 | D:1      | Bought a glowing chain mail for 165 gold pieces
 11042 | Lair:1   | Entered Level 1 of the Lair of Beasts
 11285 | Lair:1   | Noticed a death yak
 11285 | Lair:1   | Noticed a death yak
 11285 | Lair:1   | Noticed a death yak
 11287 | Lair:1   | Noticed a death yak
 11289 | Lair:1   | Noticed a death yak
 11297 | Lair:1   | Noticed a death yak
 11306 | Lair:1   | Killed a death yak
 11307 | Lair:1   | Reached skill level 18 in Axes
 11316 | Lair:1   | Killed a death yak
 11316 | Lair:1   | Received a gift from Okawaru
 11320 | Lair:1   | Killed a death yak
 11322 | Lair:1   | Killed a death yak
 11325 | Lair:1   | Killed a death yak
 11326 | Lair:1   | Reached XP level 12. HP: 43/104 MP: 9/11
 11327 | Lair:1   | Killed a death yak
 11674 | Lair:1   | Received a gift from Okawaru
 12358 | Lair:2   | Noticed Nergalle
 12370 | Lair:2   | Killed Nergalle
 12543 | Lair:2   | Reached skill level 19 in Axes
 12681 | Lair:2   | Found a staircase to the Snake Pit.
 12686 | Lair:2   | Reached skill level 1 in Invocations
 12686 | Lair:2   | Reached ****** piety under Okawaru
 13873 | Lair:3   | Identified the +0 buckler "Pil Acof" {rN+ rCorr} (Okawaru
                  | gifted it to you on level 3 of the Lair of Beasts)
 13873 | Lair:3   | Received a gift from Okawaru
 13893 | Lair:3   | Noticed an eight-headed hydra
 13908 | Lair:3   | Slain by an 11-headed hydra

Illustrated notes

Levels and vault maps discovered:
D:1:      dpeg_arrival_pits, layout_basic,
          dreamdust_ecumenical_altar_angels_and_demons, serial_shops, shop
D:2:      layout_basic, serial_shops, nicolae_shop_tiny_real_fake_doors,
          corexii_corridor_pit, chequers_serial_rivers_small_b
D:3:      layout_loops_cross, mainiacjoe_overflow_brackets,
          gammafunk_ghost_arena, uniq_grinder
D:4:      layout_basic, uniq_edmund
D:5:      layout_basic, minmay_temple_entry_glassed_door,
          hangedman_abyss_or_decor_lesser_grid, chequers_serial_rivers_micro_e,
          hangedman_decor_peaks_small, grunt_ministairs_15
D:6:      layout_gridville, gammafunk_temple_overflow_statue
D:7:      layout_cave_pools, vehumet_altar_wand_db, gup_ossuary_entry_pyramid,
          hangedman_decor_lopped, minmay_hollow_rounded_squares,
          uniq_prince_ribbit1
D:8:      layout_basic, nicolae_uskayaw_murder_on_the_dancefloor
D:9:      layout_loops_cross, enter_bailey_4, grunt_decor_mini_mirrors,
          chequers_garden, serial_bayou_lake_a, uniq_psyche, uniq_pikel
D:10:     layout_big_octagon, dpeg_lair_monsters, serial_shops, shop_fountains
Temple:   minmay_crystal_spiral_temple
Lair:1:   layout_cave_pods, serial_rivers, chequers_serial_rivers_room_b,
          chequers_serial_rivers_micro_d, chequers_serial_rivers_small_b,
          chequers_serial_rivers_large_b, chequers_serial_rivers_micro_d
Lair:2:   layout_cave_shapes, minmay_snake_entry_six_corridors, uniq_nergalle
Lair:3:   nzn_winding_woodlands_huge [nzn_winding_woodlands_5x15_parted,
          nzn_winding_woodlands_5x15_default, nzn_winding_woodlands_5x15_pool,
          nzn_winding_woodlands_5x15_sidewinder,
          nzn_winding_woodlands_5x15_river_crossing,
          nzn_winding_woodlands_5x15_jagged, nzn_winding_woodlands_5x15_cabin,
          nzn_winding_woodlands_5x15_twine, nzn_winding_woodlands_5x15_crooked,
          nzn_winding_woodlands_5x15_pockets,
          nzn_winding_woodlands_center_garden,
          nzn_winding_woodlands_center_diamonds,
          nzn_winding_woodlands_15x15_thick_spiral], layout_gridlike,
          shoals_dummy_entry

Skill      XL: |  1  2  3  4  5  6  7  8  9 10 11 12 |
---------------+-------------------------------------+-----
Axes           | 3 4 5 7 9 11 14 17 18 19 | 19.7
Fighting       | 6 9 |  9.7
Armour         | 6 9 |  9.7
Dodging        | 4 7 8 |  8.1
Invocations    | 4 |  4.9
Shields        | |  3.6

Action                     |  1- 3 |  4- 6 |  7- 9 | 10-12 || total
---------------------------+-------+-------+-------+-------++-------
  Melee: War axe           |    77 |    96 |    92 |       ||   265
         Headbutt          |     8 |    12 |    34 |    70 ||   124
         Battleaxe         |       |       |   145 |   196 ||   341
         Executioner's axe |       |       |       |   198 ||   198
 Invoke: Heroism           |       |       |     1 |     7 ||     8
    Use: Potion            |       |     2 |     2 |     2 ||     6
         Scroll            |       |       |    10 |     8 ||    18
   Stab: Distracted        |       |       |       |     1 ||     1
 Armour: Scale mail        |    33 |    45 |     8 |       ||    86
         Chain mail        |       |       |   103 |   112 ||   215
         Plate armour      |       |       |       |    29 ||    29
         Skin              |       |       |       |    25 ||    25
  Dodge: Dodged            |    33 |    30 |    76 |   269 ||   408
  Block: Buckler           |    17 |    11 |     9 |       ||    37
